[Event "Austria Championship Blitz 2024"]
[Site "Innsbruck"]
[Date "2024.06.01"]
[Round "3.16"]
[White "Schwarz, Benedikt"]
[Black "Wetscher, Wolfgang"]
[Result "0-1"]
[ECO "A55"]
[WhiteElo "1919"]
[BlackElo "1937"]
[Annotator "RC"]
[PlyCount "86"]
[EventDate "2024.06.01"]
[EventType "swiss"]
[EventCountry "AUT"]
[SourceTitle "playchess.com"]
[Source "ChessBase"]
[SourceQuality "1"]
[TimeControl "180+2"]

1. d4 c6 2. c4 Qc7 3. e4 d6 4. Nc3 Nd7 5. Nf3 Ngf6 6. Be3 e5 7. Be2 Be7 8. O-O O-O 9. d5 a5 10. a3 Re8 11. b4 axb4 12. axb4 Rxa1 13. Qxa1 Nf8 14. Rc1 Ng6 15. h3 Bd7 16. c5 Bf8 17. cxd6 Qxd6 18. Bc5 Qb8 19. Bxf8 Rxf8 20. Qa5 Rc8 21. Nd2 cxd5 22. exd5 Nf4 23. Bf3 Bxh3 24. gxh3 Nxh3+ 25. Kf1 e4 26. Ndxe4 Nxe4 27. Bxe4 Qf4 28. Rc2 g6 29. Qa1 Ng5 30. Qc1 Qxc1+ 31. Rxc1 Nxe4 32. Na2 Rxc1+ 33. Nxc1 Kf8 34. Ke2 Ke7 35. Kd3 Nxf2+ 36. Kd4 h5 37. Ke5 h4 38. d6+ Kd7 39. Ne2 h3 40. Ng3 h2 41. Kf6 h1=Q 42. Nxh1 Nxh1 43. Kxf7 g5 0-1

[Event "Austria Championship Blitz 2024"]
[Site "Innsbruck"]
[Date "2024.06.01"]
[Round "3.17"]
[White "Kienboeck, Benjamin"]
[Black "Kuzmanovic, Zeljko"]
[Result "1-0"]
[ECO "B03"]
[WhiteElo "2187"]
[BlackElo "1866"]
[Annotator "RC"]
[PlyCount "73"]
[EventDate "2024.06.01"]
[EventType "swiss"]
[EventCountry "AUT"]
[SourceTitle "playchess.com"]
[Source "ChessBase"]
[SourceQuality "1"]
[TimeControl "180+2"]

1. e4 Nf6 2. e5 Nd5 3. d4 d6 4. exd6 exd6 5. c4 Nb6 6. Nc3 Nc6 7. Be3 Be7 8. Nf3 Bg4 9. h3 Bh5 10. g4 Bg6 11. a3 O-O 12. Qd2 f5 13. g5 Re8 14. Be2 Na5 15. c5 Nb3 16. Qd1 Nxa1 17. cxb6 axb6 18. Qxa1 c5 19. h4 cxd4 20. Nxd4 Bf7 21. Nxf5 Qc7 22. Nd4 d5 23. Kd2 Bc5 24. Ncb5 Qd7 25. b4 Bxd4 26. Nxd4 Qd6 27. Qb2 Rac8 28. h5 Qe5 29. Bd3 Rc7 30. Qb1 Rec8 31. g6 hxg6 32. hxg6 Be8 33. Nf5 d4 34. Rh8+ Kxh8 35. Qh1+ Kg8 36. Qh7+ Kf8 37. Qh8# 1-0

[Event "Austria Championship Blitz 2024"]
[Site "Innsbruck"]
[Date "2024.06.01"]
[Round "3.18"]
[White "Leonov, Leonid"]
[Black "Kummer, Helmut"]
[Result "0-1"]
[ECO "B15"]
[WhiteElo "1739"]
[BlackElo "2212"]
[Annotator "RC"]
[PlyCount "100"]
[EventDate "2024.06.01"]
[EventType "swiss"]
[EventCountry "AUT"]
[SourceTitle "playchess.com"]
[Source "ChessBase"]
[SourceQuality "1"]
[TimeControl "180+2"]

1. e4 g6 2. d4 Bg7 3. Nc3 c6 4. f4 d5 5. e5 h5 6. Be3 Nh6 7. h3 Nf5 8. Bf2 h4 9. Bd3 Bh6 10. Qf3 Na6 11. a3 Nc7 12. Nge2 Ne6 13. O-O-O b5 14. Bxf5 gxf5 15. g4 hxg3 16. Nxg3 Bxf4+ 17. Kb1 Bxg3 18. Bxg3 f4 19. Bxf4 Nxf4 20. Qxf4 Be6 21. Ne2 Qb6 22. Qd2 O-O-O 23. Nf4 Bf5 24. Qc3 e6 25. Rd2 a5 26. h4 Kd7 27. Nd3 Bxd3 28. Qxd3 Rdg8 29. Qf3 Ke8 30. Qf6 Qd8 31. Qxd8+ Kxd8 32. Rf2 Ke7 33. c3 Rg4 34. Rfh2 Rh5 35. Kc2 f5 36. exf6+ Kxf6 37. Rf2+ Ke7 38. Rfh2 Kd6 39. Rh3 e5 40. dxe5+ Kxe5 41. Kd3 c5 42. Re3+ Kd6 43. Reh3 c4+ 44. Ke3 Rg2 45. R1h2 Rg4 46. Kf3 Re4 47. Rh1 Ke5 48. R1h2 Kf6 49. Rf2 Rhxh4 50. Rxh4 Rxh4 0-1

[Event "Austria Championship Blitz 2024"]
[Site "Innsbruck"]
[Date "2024.06.01"]
[Round "3.19"]
[White "Vrban, Damir"]
[Black "Sovago, Philipp"]
[Result "1/2-1/2"]
[ECO "B30"]
[WhiteElo "2151"]
[BlackElo "1954"]
[Annotator "RC"]
[PlyCount "35"]
[EventDate "2024.06.01"]
[EventType "swiss"]
[EventCountry "AUT"]
[SourceTitle "playchess.com"]
[Source "ChessBase"]
[SourceQuality "1"]
[TimeControl "180+2"]

1. e4 c5 2. Nf3 Nc6 3. Bc4 g6 4. c3 Bg7 5. Qe2 d6 6. h3 Nf6 7. d3 O-O 8. O-O a6 9. Bb3 b5 10. Nbd2 Bb7 11. Re1 Nd7 12. Nf1 Nde5 13. Ne3 a5 14. a4 b4 15. Nxe5 Nxe5 16. f4 Nd7 17. Nc4 Nb6 18. Qc2 1/2-1/2

[Event "Austria Championship Blitz 2024"]
[Site "Innsbruck"]
[Date "2024.06.01"]
[Round "3.20"]
[White "Horvath, Reka"]
[Black "Gschiel, Alexander"]
[Result "1-0"]
[ECO "B11"]
[WhiteElo "2009"]
[BlackElo "2355"]
[Annotator "RC"]
[PlyCount "57"]
[EventDate "2024.06.01"]
[EventType "swiss"]
[EventCountry "AUT"]
[SourceTitle "playchess.com"]
[Source "ChessBase"]
[SourceQuality "1"]
[TimeControl "180+2"]

1. e4 c6 2. Nc3 d5 3. Nf3 Bg4 4. h3 Bxf3 5. Qxf3 e6 6. d4 dxe4 7. Nxe4 Qxd4 8. Bd3 Nd7 9. O-O Ne5 10. Qe2 Nxd3 11. cxd3 Nf6 12. Be3 Qd8 13. Nc5 b6 14. Nb3 Be7 15. Rac1 Qd7 16. Qf3 Nd5 17. Bd4 O-O 18. Rfe1 c5 19. Be5 Nb4 20. d4 f6 21. Bh2 cxd4 22. Rc7 Qd8 23. Nxd4 Qxd4 24. Rxe7 e5 25. Qb7 Qd3 26. Rxg7+ Kh8 27. Bg3 Rg8 28. Rd7 Qa6 29. Rxh7# 1-0

[Event "Austria Championship Blitz 2024"]
[Site "Innsbruck"]
[Date "2024.06.01"]
[Round "3.21"]
[White "Teuschler, Barbara"]
[Black "Gerold, Alexander"]
[Result "1-0"]
[ECO "B01"]
[WhiteElo "2040"]
[BlackElo "1891"]
[Annotator "RC"]
[PlyCount "33"]
[EventDate "2024.06.01"]
[EventType "swiss"]
[EventCountry "AUT"]
[SourceTitle "playchess.com"]
[Source "ChessBase"]
[SourceQuality "1"]
[TimeControl "180+2"]

1. e4 d5 2. exd5 Qxd5 3. Nc3 Qa5 4. d4 Nf6 5. Nf3 Bf5 6. Bc4 e6 7. Qe2 c6 8. Bd2 Be7 9. Nd5 Qd8 10. Nxe7 Qxe7 11. Bg5 Nbd7 12. Ne5 O-O-O 13. O-O-O h6 14. Bh4 g5 15. Bg3 Nd5 16. Nxc6 bxc6 17. Ba6# 1-0

[Event "Austria Championship Blitz 2024"]
[Site "Innsbruck"]
[Date "2024.06.01"]
[Round "3.22"]
[White "Keferboeck, Jewgeni"]
[Black "Guba, Viktor"]
[Result "0-1"]
[ECO "C74"]
[WhiteElo "1957"]
[BlackElo "1891"]
[Annotator "RC"]
[PlyCount "53"]
[EventDate "2024.06.01"]
[EventType "swiss"]
[EventCountry "AUT"]
[SourceTitle "playchess.com"]
[Source "ChessBase"]
[SourceQuality "1"]
[TimeControl "180+2"]

1. e4 e5 2. Nf3 Nc6 3. Bb5 a6 4. Ba4 d6 5. c3 f5 6. exf5 Bxf5 7. O-O Bd3 8. Re1 Be7 9. Bc2 Bxc2 10. Qxc2 Nf6 11. d4 exd4 12. cxd4 O-O 13. Qb3+ d5 14. Qxb7 Nb4 15. Bf4 Bd6 16. Ne5 Rb8 17. Qa7 Qc8 18. a3 Nc2 19. Nc6 Ra8 20. Bxd6 Rxa7 21. Ne7+ Kh8 22. Nxc8 Rxc8 23. Bc5 Rb7 24. Nc3 Nxa1 25. Rxa1 Rxb2 26. g4 Rc2 27. Nd1 0-1

[Event "Austria Championship Blitz 2024"]
[Site "Innsbruck"]
[Date "2024.06.01"]
[Round "3.23"]
[White "Babinetz, Rainer"]
[Black "Cafasso, Elia"]
[Result "0-1"]
[ECO "C54"]
[WhiteElo "1967"]
[BlackElo "2178"]
[Annotator "RC"]
[PlyCount "103"]
[EventDate "2024.06.01"]
[EventType "swiss"]
[EventCountry "AUT"]
[SourceTitle "playchess.com"]
[Source "ChessBase"]
[SourceQuality "1"]
[TimeControl "180+2"]

1. e4 e5 2. Nf3 Nc6 3. Bc4 Nf6 4. d3 Bc5 5. h3 Bb6 6. c3 d6 7. Qe2 h6 8. Be3 Bd7 9. Nbd2 Na5 10. d4 Nxc4 11. Qxc4 Qe7 12. dxe5 dxe5 13. Bxb6 cxb6 14. O-O Rc8 15. Qb3 O-O 16. Rad1 Bc6 17. Rfe1 Rfd8 18. Qc2 Qc5 19. Nb3 Qe7 20. Nfd2 Rd7 21. f3 Rcd8 22. Nf1 a5 23. Ne3 Nh5 24. Nf5 Qf6 25. g3 Kh7 26. Kg2 Qg6 27. Rxd7 Rxd7 28. Rd1 Nf4+ 29. Kh2 Ne6 30. Rxd7 Bxd7 31. Qd2 Bc6 32. Qd6 Ng5 33. Kg2 Nxe4 34. Qxg6+ fxg6 35. Ne7 Nc5 36. Nd2 g5 37. Nc8 Nd7 38. Nc4 e4 39. N4d6 exf3+ 40. Kf2 Kg6 41. b4 axb4 42. cxb4 Kf6 43. b5 Bd5 44. Ne8+ Kf7 45. Ned6+ Ke6 46. a3 g6 47. Ne8 h5 48. Ng7+ Kf7 49. Nd6+ Kxg7 50. Ke3 g4 51. hxg4 hxg4 52. Kd4 0-1

[Event "Austria Championship Blitz 2024"]
[Site "Innsbruck"]
[Date "2024.06.01"]
[Round "3.24"]
[White "Muehlbacher, Bernhard"]
[Black "Schranzhofer, Marco"]
[Result "0-1"]
[ECO "E06"]
[WhiteElo "1960"]
[BlackElo "1908"]
[Annotator "RC"]
[PlyCount "67"]
[EventDate "2024.06.01"]
[EventType "swiss"]
[EventCountry "AUT"]
[SourceTitle "playchess.com"]
[Source "ChessBase"]
[SourceQuality "1"]
[TimeControl "180+2"]

1. c4 Nf6 2. g3 e6 3. Bg2 d5 4. Nf3 dxc4 5. Qc2 Be7 6. O-O O-O 7. Qxc4 c6 8. d4 Qd5 9. Qc2 Qe4 10. Qd1 Nbd7 11. Nc3 Qg6 12. e4 Nxe4 13. Nh4 Bxh4 14. Nxe4 Be7 15. Be3 Nf6 16. Nxf6+ Bxf6 17. Qb3 Rd8 18. Rfd1 Bg5 19. f4 Bf6 20. Rac1 h6 21. a4 Qf5 22. Qb4 a5 23. Qb3 Be7 24. h3 Bb4 25. Kh2 Qf6 26. Qc4 Qe7 27. b3 Qd6 28. Be4 Bd7 29. Bc2 Qd5 30. Qd3 g6 31. Qf1 b5 32. f5 exf5 33. Bxh6 bxa4 34. bxa4 0-1

[Event "Austria Championship Blitz 2024"]
[Site "Innsbruck"]
[Date "2024.06.01"]
[Round "4.1"]
[White "Platzgummer, Fabian"]
[Black "Blohberger, Felix"]
[Result "1/2-1/2"]
[ECO "A07"]
[WhiteElo "2311"]
[BlackElo "2506"]
[Annotator "TA"]
[PlyCount "135"]
[EventDate "2024.06.01"]
[EventType "swiss"]
[EventCountry "AUT"]
[SourceTitle "playchess.com"]
[Source "ChessBase"]
[SourceQuality "1"]
[TimeControl "180+2"]

1. Nf3 d5 2. g3 g6 3. Bg2 Bg7 4. O-O e5 5. d3 Nc6 6. c4 dxc4 7. dxc4 Qxd1 8. Rxd1 e4 9. Ne1 f5 10. Nc2 Be6 11. Nba3 Rd8 12. Rxd8+ Kxd8 13. Bg5+ Kc8 14. Rb1 h6 15. Be3 Nge7 16. f3 exf3 17. exf3 Ne5 18. Bd4 N7c6 19. Bc3 Rg8 20. Re1 Bf7 21. Ne3 Nd3 22. Rd1 Nxb2 23. Bxb2 Bxb2 24. Nac2 Rd8 25. Rb1 Bd4 26. Nxd4 Nxd4 27. f4 c6 28. Kf2 (28. Kf1 $142) 28... h5 (28... Nc2 $19 29. Nxc2 Rd2+ (29... Bxc4 30. Ne1 $14) 30. Ke3 Rxc2 (30... Rxg2 $2 31. Ne1 $19)) 29. Rb2 Kc7 30. h3 (30. Rd2 {keeps fighting.}) 30... Ne6 $19 31. h4 Nc5 32. Re2 Re8 33. Bf3 (33. Rd2 $142) 33... Ne4+ (33... Nd3+ $142 34. Kg2 Re6) 34. Bxe4 $19 Rxe4 35. Rc2 c5 36. Ke2 Kc6 37. Kd3 (37. Kd2 $142) 37... a6 $19 38. a4 b6 39. Rd2 Rd4+ ({Black should play} 39... Kb7 $19 {White must now prevent ...Rd4+.} 40. Rb2 Rd4+ 41. Kc3 Be8) 40. Kc3 $17 Rxd2 41. Kxd2 Kd6 42. Kc3 Be8 43. Kb3 Bc6 44. Nd1 Bf3 45. Nc3 Kc6 (45... a5 $15) 46. Ka3 Be4 47. Kb3 Bd3 48. Nd1 b5 49. axb5+ axb5 50. cxb5+ Kxb5 51. Kc3 Be4 (51... c4 $142 $1) 52. Ne3 $17 {[%emt 0:00:01] [#]} Bf3 (52... Kc6 $1 $17) 53. Nc4 $11 Bc6 54. Ne5 Be8 55. Kb3 c4+ 56. Kc3 $1 (56. Nxc4 $2 {perishes.} Bf7 57. Kc3 Bxc4 $19) 56... Kc5 57. Nf3 Kd5 58. Nd2 $2 (58. Ng5 $11) 58... Bb5 $19 59. Kb4 Ba6 $2 (59... c3 $19 60. Kxc3 Be2) 60. Kc3 $11 Bb5 $2 (60... Kc5 $11 61. Nf3 Kd5) 61. Kb4 $1 $19 Ba6 $2 (61... c3 $19 62. Kxc3 Be2) 62. Kc3 $11 Bc8 63. Nxc4 Bd7 64. Nd2 Bb5 65. Kb4 Ba6 66. Kc3 $2 {[%emt 0:00:00][%mdl 8192] [#]} (66. Nf3 $11) 66... Bb5 $2 ({Black should try} 66... Be2 $1 $19 67. Nb3 Ke4) 67. Kb4 $11 Ba6 $2 (67... Be2 $11 68. Kc3 Bb5) 68. Kc3 1/2-1/2

[Event "Austria Championship Blitz 2024"]
[Site "Innsbruck"]
[Date "2024.06.01"]
[Round "4.2"]
[White "Shengelia, David"]
[Black "Kilgus, Georg"]
[Result "1-0"]
[ECO "E11"]
[WhiteElo "2465"]
[BlackElo "2362"]
[Annotator "TA"]
[PlyCount "35"]
[EventDate "2024.06.01"]
[EventType "swiss"]
[EventCountry "AUT"]
[SourceTitle "playchess.com"]
[Source "ChessBase"]
[SourceQuality "1"]
[TimeControl "180+2"]

1. d4 Nf6 2. Nf3 e6 3. c4 Bb4+ 4. Nbd2 O-O 5. e3 d6 6. Bd3 Qe7 7. e4 e5 8. d5 $1 a5 9. h3 Na6 10. a3 Bxd2+ 11. Nxd2 Nc5 12. Bc2 a4 13. Qe2 c6 14. g4 (14. O-O $11) 14... cxd5 15. exd5 {[%emt 0:00:14] [#]} (15. cxd5 $142 Nfd7 16. O-O) 15... b5 $1 $17 {[%emt 0:00:24][%mdl 512] Strongly threatening ...bxc4.} 16. g5 Nfd7 {[%emt 0:00:00] Excellent horsemanship.} 17. cxb5 Nb6 ({Don't do} 17... Qxg5 18. Nf3 Qd8 19. Rg1 $15) ({Black should play} 17... Bb7 $1 $17 18. Ne4 Bxd5) 18. Ne4 $1 {[%emt 0:00:04][%mdl 32768] Weighted Error Value: White=0.30/Black=0.25 (precise) .  Mistake:       	White=2     	Black=1      Inaccurate:     	White=1     	Black=2      OK:         	White=4     	Black=6      Strong:       	White=2     	---       . Loss on time!?} 1-0

[Event "Austria Championship Blitz 2024"]
[Site "Innsbruck"]
[Date "2024.06.01"]
[Round "4.3"]
[White "Schwabeneder, Florian"]
[Black "Balint, Peter"]
[Result "1/2-1/2"]
[ECO "C84"]
[WhiteElo "2405"]
[BlackElo "2343"]
[Annotator "RC"]
[PlyCount "168"]
[EventDate "2024.06.01"]
[EventType "swiss"]
[EventCountry "AUT"]
[SourceTitle "playchess.com"]
[Source "ChessBase"]
[SourceQuality "1"]
[TimeControl "180+2"]

1. e4 e5 2. Nf3 Nc6 3. Bb5 a6 4. Ba4 Nf6 5. O-O Be7 6. d3 b5 7. Bb3 d6 8. Bd2 O-O 9. Re1 h6 10. h3 Re8 11. a3 Bf8 12. Nc3 Ne7 13. a4 Bd7 14. Ne2 Ng6 15. Ng3 c5 16. c3 Qc8 17. Kh2 c4 18. dxc4 bxc4 19. Bc2 Rb8 20. Bc1 Nf4 21. Ng1 Qc5 22. Be3 Qc6 23. Rb1 g6 24. Qf3 Bg7 25. Red1 Rbd8 26. Bxf4 exf4 27. Qxf4 d5 28. exd5 Nxd5 29. Qf3 Be6 30. N1e2 Qc5 31. Nd4 Bc8 32. Be4 Nf6 33. Bc2 Qc7 34. Re1 Bb7 35. Qd1 Nd5 36. Rxe8+ Rxe8 37. Qd2 Nf4 38. Rg1 Be5 39. Bd1 Kg7 40. Bf3 Nd3 41. Bxb7 Qxb7 42. b3 Qc7 43. bxc4 Qxc4 44. Nf3 Bf4 45. Qc2 Ne5 46. Nxe5 Rxe5 47. Rd1 Re2 48. Qd3 Qxd3 49. Rxd3 Rxf2 50. Kg1 Ra2 51. Ne4 Rxa4 52. Nc5 Rc4 53. Nxa6 Be5 54. Nb4 Bxc3 55. Nd5 Bd4+ 56. Kf1 Rc1+ 57. Ke2 Be5 58. Ne3 Bf4 59. Nd5 Rc2+ 60. Kf3 Be5 61. Ne3 Ra2 62. Rb3 h5 63. Rb5 Bd4 64. Rb3 Kh6 65. Rd3 Ba7 66. Rb3 f5 67. Rd3 Kg5 68. Rb3 Ra4 69. Rd3 Re4 70. Nd5 Rd4 71. Rxd4 Bxd4 72. Nb4 Kf6 73. Nd5+ Ke5 74. Nf4 Kf6 75. Nd5+ Kg5 76. Nf4 Be5 77. Nd5 Bd6 78. Ne3 Kf6 79. Nd5+ Kf7 80. Ne3 Bc5 81. Nd5 g5 82. g4 hxg4+ 83. hxg4 Kg6 84. gxf5+ Kxf5 1/2-1/2

[Event "Austria Championship Blitz 2024"]
[Site "Innsbruck"]
[Date "2024.06.01"]
[Round "4.4"]
[White "Neuschmied, Siegfried"]
[Black "Lerch, Johannes"]
[Result "0-1"]
[ECO "B07"]
[WhiteElo "2234"]
[BlackElo "2208"]
[Annotator "RC"]
[PlyCount "134"]
[EventDate "2024.06.01"]
[EventType "swiss"]
[EventCountry "AUT"]
[SourceTitle "playchess.com"]
[Source "ChessBase"]
[SourceQuality "1"]
[TimeControl "180+2"]

1. e4 d6 2. d4 Nf6 3. Nc3 e5 4. Nge2 h5 5. h3 Be7 6. Be3 Nbd7 7. Qd2 c6 8. f4 Qc7 9. O-O-O a5 10. Kb1 h4 11. Nc1 a4 12. Be2 a3 13. b3 b6 14. Bf3 Bb7 15. N3e2 O-O-O 16. c4 Kb8 17. Nc3 Nf8 18. fxe5 dxe5 19. d5 Bb4 20. Qc2 Ng6 21. Nd3 Be7 22. Na4 c5 23. Nc3 Ba6 24. Bc1 Ne8 25. Bxa3 Nd6 26. Bc1 Kb7 27. Be3 f6 28. Rhf1 Nf8 29. Bg4 Ka8 30. a4 Bc8 31. Bxc8 Rxc8 32. Kb2 Nd7 33. Ra1 Kb7 34. Qe2 g6 35. Qg4 Rcg8 36. Rf2 Qc8 37. Qe6 Qe8 38. Raf1 Nf8 39. Qg4 f5 40. exf5 gxf5 41. Qe2 e4 42. Nf4 Bf6 43. Kc2 Qe5 44. Bd2 Ng6 45. Ne6 Nf8 46. Qe3 Nxe6 47. dxe6 Rg3 48. Qe1 e3 49. Re2 exd2 50. Rxe5 dxe1=Q 51. Rfxe1 Bxe5 52. Rxe5 Rxg2+ 53. Kd3 Rg3+ 54. Kc2 Rxc3+ 55. Kxc3 Kc8 56. a5 Kc7 57. axb6+ Kxb6 58. e7 Re8 59. b4 cxb4+ 60. Kxb4 Kc6 61. c5 Nc8 62. Rxf5 Nxe7 63. Rf6+ Kc7 64. Re6 Nd5+ 65. Kc4 Rxe6 66. Kxd5 Re3 67. Kd4 Rxh3 0-1

[Event "Austria Championship Blitz 2024"]
[Site "Innsbruck"]
[Date "2024.06.01"]
[Round "4.5"]
[White "Zanon, Magnus"]
[Black "Kruckenhauser, Arthur"]
[Result "1/2-1/2"]
[ECO "D00"]
[WhiteElo "2092"]
[BlackElo "2340"]
[Annotator "RC"]
[PlyCount "79"]
[EventDate "2024.06.01"]
[EventType "swiss"]
[EventCountry "AUT"]
[SourceTitle "playchess.com"]
[Source "ChessBase"]
[SourceQuality "1"]
[TimeControl "180+2"]

1. d4 Nf6 2. Bg5 d5 3. e3 Bf5 4. Bd3 Bxd3 5. cxd3 e6 6. Nf3 h6 7. Bf4 Bd6 8. Be5 O-O 9. O-O c5 10. Bxd6 Qxd6 11. dxc5 Qxc5 12. d4 Qb6 13. Nbd2 Nc6 14. Nb3 Ne4 15. Nfd2 Nd6 16. Nc5 Qxb2 17. a4 Qb6 18. Nd7 Qc7 19. Nxf8 Rxf8 20. Rb1 a6 21. Qb3 b5 22. Rfc1 Qb6 23. axb5 axb5 24. Rc5 Na5 25. Qb4 Nac4 26. Nxc4 dxc4 27. Rxb5 Qxb5 28. Qxb5 Nxb5 29. Rxb5 Ra8 30. g3 g5 31. h3 Kg7 32. Rc5 Ra4 33. Kg2 f5 34. g4 Kf6 35. Kf3 Rb4 36. Rc7 Kg6 37. Rc6 Kf7 38. Rc7+ Kf6 39. Rc6 Kf7 40. Rc7+ 1/2-1/2

[Event "Austria Championship Blitz 2024"]
[Site "Innsbruck"]
[Date "2024.06.01"]
[Round "4.6"]
[White "Froewis, Annika"]
[Black "Hengl, Philip"]
[Result "0-1"]
[ECO "A47"]
[WhiteElo "2075"]
[BlackElo "2173"]
[Annotator "RC"]
[PlyCount "90"]
[EventDate "2024.06.01"]
[EventType "swiss"]
[EventCountry "AUT"]
[SourceTitle "playchess.com"]
[Source "ChessBase"]
[SourceQuality "1"]
[TimeControl "180+2"]

1. d4 Nf6 2. Bf4 b6 3. e3 Bb7 4. h3 e6 5. Nf3 Bd6 6. Bg5 O-O 7. Nbd2 Be7 8. Bd3 d6 9. e4 Nbd7 10. Qe2 e5 11. c3 Re8 12. O-O h6 13. Bh4 Nh7 14. Bxe7 Qxe7 15. d5 Nc5 16. Bc2 Ba6 17. c4 Bc8 18. b4 Nb7 19. a4 a5 20. Rfb1 Ng5 21. Nxg5 Qxg5 22. Ra3 Bd7 23. Rg3 Qe7 24. b5 Nc5 25. Qh5 Kh7 26. Nf3 g6 27. Qh4 Qxh4 28. Nxh4 Rg8 29. Rf1 g5 30. Nf3 f6 31. Nh2 h5 32. Rf3 Raf8 33. g4 Kg6 34. Kg2 Rh8 35. Rg1 Rf7 36. Rg3 Rfh7 37. Rh1 Kg7 38. Rf3 hxg4 39. hxg4 Bxg4 40. Rg3 Bd7 41. Kg1 Be8 42. Rg2 Bg6 43. f3 Rh3 44. Kf2 Kf7 45. Rhg1 Rxh2 0-1

[Event "Austria Championship Blitz 2024"]
[Site "Innsbruck"]
[Date "2024.06.01"]
[Round "4.7"]
[White "Kummer, Helmut"]
[Black "Horvath, Dominik"]
[Result "0-1"]
[ECO "D51"]
[WhiteElo "2212"]
[BlackElo "2554"]
[Annotator "RC"]
[PlyCount "84"]
[EventDate "2024.06.01"]
[EventType "swiss"]
[EventCountry "AUT"]
[SourceTitle "playchess.com"]
[Source "ChessBase"]
[SourceQuality "1"]
[TimeControl "180+2"]

1. d4 Nf6 2. c4 e6 3. Nf3 d5 4. Nc3 Nbd7 5. Bg5 h6 6. Bh4 dxc4 7. e4 b5 8. e5 g5 9. exf6 gxh4 10. Nxb5 Nb6 11. g3 Bb7 12. Bg2 Bb4+ 13. Nc3 hxg3 14. hxg3 Qxf6 15. O-O O-O-O 16. Qe2 h5 17. Ne4 Qe7 18. Nc5 Bxc5 19. dxc5 Qxc5 20. Rad1 Rdg8 21. Qe5 Qxe5 22. Nxe5 Bxg2 23. Kxg2 f6 24. Nc6 Kb7 25. Nd4 e5 26. Nf5 Rg5 27. Nh4 Kc6 28. Rc1 Kb5 29. b3 cxb3 30. axb3 c5 31. Rfd1 Rc8 32. Nf3 Rg4 33. Ne1 Rd4 34. Nd3 c4 35. bxc4+ Rcxc4 36. Rb1+ Kc6 37. Ne1 Rxd1 38. Rxd1 a5 39. Ra1 a4 40. Nd3 Rd4 41. Nb2 Kb5 42. Rb1 Rb4 0-1

[Event "Austria Championship Blitz 2024"]
[Site "Innsbruck"]
[Date "2024.06.01"]
[Round "4.8"]
[White "Teuschler, Barbara"]
[Black "Wohlfahrt, Herbert"]
[Result "1/2-1/2"]
[ECO "B12"]
[WhiteElo "2040"]
[BlackElo "2328"]
[Annotator "RC"]
[PlyCount "100"]
[EventDate "2024.06.01"]
[EventType "swiss"]
[EventCountry "AUT"]
[SourceTitle "playchess.com"]
[Source "ChessBase"]
[SourceQuality "1"]
[TimeControl "180+2"]

1. e4 c6 2. d4 d5 3. e5 Bf5 4. h4 h6 5. Be3 e6 6. g4 Be4 7. f3 Bh7 8. Bd3 Bxd3 9. Qxd3 h5 10. g5 Ne7 11. Ne2 Nf5 12. Bf2 Qb6 13. Nbc3 Bb4 14. a3 Bxc3+ 15. Qxc3 g6 16. O-O-O Nd7 17. Ng3 Nxg3 18. Bxg3 O-O-O 19. Kb1 Kb8 20. Be1 Rc8 21. Qd3 c5 22. dxc5 Nxc5 23. Qd4 Nd7 24. Bb4 Qxd4 25. Rxd4 b6 26. Rf4 Rh7 27. Rd1 Kb7 28. Bd6 Rc4 29. Rxc4 dxc4 30. Rd4 b5 31. a4 a6 32. axb5 axb5 33. b3 cxb3 34. cxb3 Nb6 35. Rd1 Nd5 36. Kb2 Rh8 37. Rc1 Rc8 38. Ra1 Rc3 39. Ra5 Kb6 40. Ra8 Rxf3 41. Rb8+ Ka6 42. Ra8+ Kb7 43. Rb8+ Kc6 44. Rc8+ Kd7 45. Rb8 Rf2+ 46. Kc1 Nc3 47. Rb7+ Kd8 48. Rb8+ Kd7 49. Rb7+ Ke8 50. Rb8+ Kd7 1/2-1/2

[Event "Austria Championship Blitz 2024"]
[Site "Innsbruck"]
[Date "2024.06.01"]
[Round "4.9"]
[White "Kranzl, Peter"]
[Black "Erhard, Jakob"]
[Result "1-0"]
[ECO "B18"]
[WhiteElo "2157"]
[BlackElo "2057"]
[Annotator "RC"]
[PlyCount "47"]
[EventDate "2024.06.01"]
[EventType "swiss"]
[EventCountry "AUT"]
[SourceTitle "playchess.com"]
[Source "ChessBase"]
[SourceQuality "1"]
[TimeControl "180+2"]

1. e4 c6 2. d4 d5 3. Nc3 dxe4 4. Nxe4 Bf5 5. Nc5 b6 6. Nb3 Nf6 7. Nf3 e6 8. Bd3 Bxd3 9. Qxd3 Bd6 10. O-O O-O 11. c4 Nbd7 12. Bg5 h6 13. Bh4 Qc7 14. Rac1 c5 15. Rfd1 Rad8 16. Qe2 Be7 17. Bg3 Qb7 18. d5 Rfe8 19. dxe6 fxe6 20. Qxe6+ Kh8 21. Re1 Nh5 22. Qf7 Ndf6 23. Ne5 Bf8 24. Qxb7 1-0

[Event "Austria Championship Blitz 2024"]
[Site "Innsbruck"]
[Date "2024.06.01"]
[Round "4.10"]
[White "Cafasso, Elia"]
[Black "Schnegg, Daniel"]
[Result "1-0"]
[ECO "B06"]
[WhiteElo "2178"]
[BlackElo "2115"]
[Annotator "RC"]
[PlyCount "89"]
[EventDate "2024.06.01"]
[EventType "swiss"]
[EventCountry "AUT"]
[SourceTitle "playchess.com"]
[Source "ChessBase"]
[SourceQuality "1"]
[TimeControl "180+2"]

1. e4 d6 2. d4 g6 3. Nf3 Bg7 4. Nc3 e6 5. Bd3 Ne7 6. O-O O-O 7. Re1 b6 8. Bf4 h6 9. Bg3 Bb7 10. Qd2 c5 11. dxc5 dxc5 12. Rad1 Nbc6 13. h3 Nd4 14. Nxd4 Qxd4 15. Nb5 Qxb2 16. Bd6 Rfe8 17. Nc7 Nc6 18. Nxa8 Rxa8 19. Rb1 Qxa2 20. Bxc5 Rd8 21. Be3 Ba6 22. Bxh6 Bxh6 23. Qxh6 Bxd3 24. cxd3 Rxd3 25. Rbc1 Qa4 26. Qf4 Kg7 27. Qc7 Nd4 28. Rc4 Qa5 29. Rf1 a6 30. Kh1 Rd2 31. Rc3 Qb5 32. Qc4 Qg5 33. Rd3 Rxd3 34. Qxd3 Qc5 35. Qxa6 b5 36. Qa1 e5 37. f4 f6 38. fxe5 fxe5 39. Qa2 b4 40. Qf7+ Kh6 41. Rf6 Qc1+ 42. Kh2 Qg5 43. Qf8+ Kh5 44. g4+ Kh4 45. Qh8+ 1-0

[Event "Austria Championship Blitz 2024"]
[Site "Innsbruck"]
[Date "2024.06.01"]
[Round "4.11"]
[White "Binder, Moriz"]
[Black "Polterauer, Chiara"]
[Result "1-0"]
[ECO "D02"]
[WhiteElo "2210"]
[BlackElo "2136"]
[Annotator "RC"]
[PlyCount "77"]
[EventDate "2024.06.01"]
[EventType "swiss"]
[EventCountry "AUT"]
[SourceTitle "playchess.com"]
[Source "ChessBase"]
[SourceQuality "1"]
[TimeControl "180+2"]

1. d4 Nf6 2. Nf3 g6 3. Nbd2 d5 4. b4 a5 5. b5 c6 6. e3 Bg7 7. Bb2 O-O 8. c4 cxb5 9. cxd5 Qxd5 10. Bd3 Bf5 11. Qe2 Ne4 12. Nxe4 Bxe4 13. Bxe4 Qxe4 14. Qxb5 Nc6 15. O-O Nb4 16. Rfc1 Nd3 17. Ng5 Qf5 18. Qxf5 gxf5 19. Rc2 Nxb2 20. Rxb2 Rfb8 21. Rab1 Ra7 22. Rb5 f4 23. Ne4 fxe3 24. fxe3 e5 25. dxe5 Re8 26. Rxb7 Rxb7 27. Rxb7 Bxe5 28. Ng5 f6 29. Nf3 Bc3 30. Kf2 Bb4 31. Nd4 Re5 32. Kf3 Bd2 33. Rb3 Bb4 34. Rd3 Kf7 35. e4 Bc5 36. Nf5 Bb4 37. Rd7+ Ke6 38. Rxh7 Rc5 39. Re7# 1-0